Rayston, neutral female human Valkyrie ------ |.....## |...`| # -------------------------------- |.....######...............................| |...<|# |.------+--------------..-----..# # |....|# |.|....|..|...|....|..-..|...|.| # -.--- # |.|....|..|...|....|..|..-...|..## # # |.--|-----|...||------|..|...|.| ### # |......|"=|...|.|..|..|.-----|.| # # |.----.|..|-|--.|..|..|.|...@|.| # # |.|..-.-|--..{..-|-|..|.|..?.|.| # ### |.|..|.............-|--@-....|.| # # |.|----|--.----+--....u.|....|.| # ########..|((|...|.-..|..||----------|.| --------.--- # # |.|((|(((|.|..|?*|....|#.|...-.| |...........## ##-.|..|(((|.---|!(|....|..|...|.| |>.........| |.-|------..{.---------|------.| |..^.......| |..............................| ------------ -------------------------------- Rayston the Fighter Experience level: 7 Strength: 15 Dexterity: 16 Constitution: 18 Intelligence: 9 Wisdom: 7 Charisma: 8 Health: 0(69) Energy: 17(17) Def: 8 Gold: 0 Moves: 4157 Dungeon seed: cAwzbQfC6D5Wasks Game ID: Rayston_1443298013 Your Inventory: Weapons a - an uncursed +2 war hammer (weapon in hand) r - the uncursed +0 Sting W - 2 uncursed +0 orcish daggers Z - 14 uncursed +0 daggers (in quiver) Armor v - a blessed +0 dwarvish cloak (being worn) A - a blessed +0 pair of iron shoes (being worn) N - an uncursed rusty +1 scale mail (being worn) Y - an uncursed +1 elven leather helm (being worn) Comestibles d - 3 uncursed food rations L - 3 uncursed tripe rations R - an uncursed lichen corpse Rings h - an uncursed ring of polymorph control (on left hand) Wands f - an uncursed wand of magic missile (0:6) Tools Q - an uncursed skeleton key Spells and supernatural/magical abilities: Name Level Category Fail Memory W - pray for help -- divine ? -- Your skills at the end: Fighting Skills Weapon Skills dagger [Basic] hammer [Basic] Spellcasting Skills Final Attributes: You were fervently aligned. You were cold resistant. You were telepathic. You were stealthy. You could fly. You had polymorph control. You were fast. You were lucky. You are dead. Vanquished creatures: 2 wolves a gnome king 3 wood nymphs 3 gnome lords 3 gnomish wizards a gray ooze 3 elf zombies 4 giant ants a little dog 2 floating eyes 7 dwarves a homunculus 4 rothes 4 giant bats 2 monkeys a dwarf zombie 3 iguanas a coyote 3 hobbits a hobgoblin 3 giant rats 2 cave spiders a brown mold 2 green molds 2 red molds 27 gnomes 5 garter snakes 3 manes 2 geckos 10 jackals 2 foxen a kobold 3 goblins 5 sewer rats 4 grid bugs 9 lichens 3 kobold zombies 3 newts 137 creatures vanquished. Voluntary challenges: You had been an atheist until turn 3310. You used a wielded weapon 210 times, starting on turn 24. You read items or engraved 3 times, starting on turn 71. You never genocided any monsters. You never polymorphed an object. You never changed form. You used no wishes. You never split a pudding. You wrote Elbereth's name 2 times, starting on turn 71. You violated your moral code, losing 3 points of alignment, starting on turn 1615. Dungeon overview: The Dungeons of Doom: levels 1 to 5 Level 1 a fountain, a sink a long staircase Level 2 a fountain Level 3 a general store stairs to The Gnomish Mines Level 4 a fountain Level 5 many fountains The Gnomish Mines: levels 4 to 7 Level 4 stairs to The Dungeons of Doom Level 5 Level 6 <- You were here many shops, a temple to Odin, some fountains, a sink Level 7 History has recorded: On T:1 you entered the Dungeons of Doom to retrieve the Amulet of Yendor! On T:207 you reached level 2 of The Dungeons of Doom. On T:660 you advanced to experience level 2. On T:865 you advanced to experience level 3. On T:888 you reached level 3 of The Dungeons of Doom. On T:1005 you reached level 1 of The Gnomish Mines. On T:1221 you reached level 4 of The Dungeons of Doom. On T:1445 you reached level 5 of The Dungeons of Doom. On T:1536 you advanced to experience level 4. On T:2003 you advanced to experience level 5. On T:2751 you advanced to experience level 6. On T:2954 you reached level 2 of The Gnomish Mines. On T:3295 you advanced to experience level 7. On T:3480 you reached level 4 of The Gnomish Mines. Score breakdown: Gold: 0 ( 0 points) Experience: 7 levels ( 600 points) Exploration: 7 levels ( 180 points) Discoveries: 4 items ( 200 points) Variety of kills: 38 monsters ( 1900 points) Major goal: (nothing yet) ( 0 points) Survival: died (score multiplied by 3) Total score: 8640 Latest messages: A looking glass lands on the altar. A candle lands on the altar. A looking glass lands on the altar. Your movements are now unencumbered. Your movements are now unencumbered. R - an uncursed lichen corpse. F - 2 uncursed melons. k - an uncursed tin. You have a little trouble lifting L - 3 uncursed tripe rations. You have a little trouble lifting B - an uncursed scroll labeled ANDOVA BEGARIN. The scroll turns to dust as you pick it up. (You can name a scroll labeled JUYED AWK YACC from the item naming menu.) You have a little trouble lifting D - an uncursed scroll labeled JUYED AWK YACC. You have a little trouble lifting l - an uncursed mottled spellbook. You have a little trouble lifting E - an uncursed yellow potion. You have a little trouble lifting f - an uncursed wand of magic missile. You have a little trouble lifting Q - an uncursed key. Your movements are slowed slightly because of your load. There is a black flash as a scroll labeled HACKEM MUCHE hits the altar. A mottled spellbook lands on the altar. A yellow potion lands on the altar. The white unicorn misses. The white unicorn kicks! The white unicorn butts! You die... Final status: Farvel Rayston the Valkyrie, killed by a white unicorn... You died in The Gnomish Mines on dungeon level 6 with 8640 points, and 0 pieces of gold, after 4157 moves. You were level 7 with a maximum of 69 hit points when you died.